 Dungeon Crawl Stone Soup version 0.19-a0-1111-gcceb26a (webtiles) character file.

403 aronpayne the Skirmisher (level 7, -7/55 HPs)
             Began as a Formicid Skald on Aug 10, 2016.
             Killed from afar by Dowan (11 damage)
             ... with a stone arrow
             ... on level 4 of the Dungeon.
             The game lasted 00:12:53 (3754 turns).

aronpayne the Skirmisher (Formicid Skald)           Turns: 3754, Time: 00:12:55

Health: -7/55      AC:  8    Str: 19    XL:     7   Next: 11%
Magic:  12/12      EV: 11    Int: 11    God:
Gold:   141        SH:  0    Dex: 10    Spells: 1 memorised, 11 levels left

rFire  . . .     SeeInvis +     C - +1 flail (crush)
rCold  . . .     Gourm    .     y - +1 ring mail {MR+}
rNeg   . . .     Faith    .     (no shield)
rPois  .         Spirit   .     (helmet unavailable)
rElec  .         Dismiss  .     p - +0 cloak
rCorr  .         Reflect  .     x - +0 pair of gloves
SustAt .         Harm     .     (no boots)
MR     +....                    (no amulet)
Stlth  ..........               r - ring of wizardry
                                e - ring of flight

@:
A: permanent stasis, dig shafts and tunnels, four strong arms, antennae 3
a: Dig, Shaft Self, Evoke Flight


You were on level 4 of the Dungeon.
You were not hungry.

You visited 1 branch of the dungeon, and saw 4 of its levels.

You collected 141 gold pieces.

Inventory:

Hand Weapons
 a - a +0 falchion
 C - a +1 flail of crushing (weapon)
Armour
 p - a +0 cloak (worn)
 x - a +0 pair of gloves (worn)
 y - a +1 ring mail of magic resistance (worn)
Jewellery
 e - a ring of flight (left hand)
 r - a ring of wizardry (right hand)
 w - an uncursed ring of protection from fire {unknown}
Wands
 n - a wand of random effects (28/48)
Scrolls
 g - 2 scrolls of random uselessness {unknown}
 i - 3 scrolls of identify {unknown}
 j - a scroll of remove curse {unknown}
 k - a scroll of noise {unknown}
 l - a scroll of fog {unknown}
 o - 2 scrolls of amnesia {unknown}
 q - a scroll of magic mapping {unknown}
 u - 2 scrolls of enchant armour {unknown}
 A - a scroll of blinking {unknown}
 B - a scroll of recharging {unknown}
 D - a scroll of teleportation {unknown}
Potions
 b - a potion of agility {unknown}
 h - a potion of brilliance {unknown}
 m - a potion of cure mutation {unknown}
 t - a potion of magic {unknown}
 z - a potion of curing {unknown}
 E - a potion of mutation {unknown}
 G - a potion of flight {unknown}
 H - a potion of lignification {unknown}
 I - a potion of invisibility {unknown}
Books
 c - a book of Battle

   Spells                             Type                      Level
   a - Infusion                       Charms                       1
   b - Shroud of Golubria             Charms/Translocation         2
   c - Song of Slaying                Charms                       2
   d - Spectral Weapon                Hexes/Charms                 3
   e - Regeneration                   Charms/Necromancy            3
Comestibles
 d - 2 bread rations
 f - 2 meat rations
 v - a beef jerky
 F - 5 chunks of flesh


   Skills:
 * Level 4.3 Fighting
 - Level 2.3 Long Blades
 * Level 2.3 Maces & Flails
 + Level 2.6 Armour
 + Level 2.2 Dodging
 + Level 3.3 Spellcasting
 + Level 4.0 Charms


You had 11 spell levels left.
You knew the following spells:

 Your Spells              Type           Power        Failure   Level  Hunger
a - Infusion              Chrm           ##..         4%          1    #......


Dungeon Overview and Level Annotations

Branches:
Dungeon (4/15)
 Temple: D:4-7

Altars:
Xom
Yredelemnul

Annotations:
D:4 Dowan


Innate Abilities, Weirdness & Mutations

You are under a permanent stasis effect.
You can dig through walls and to a lower floor.
Your four strong arms can wield two-handed weapons with a shield.
You have a pair of large antennae on your head. (SInv)


Message History

Dowan is heavily wounded.
Dowan hits you with a dagger of freezing.
Dowan freezes you.
* * * LOW HITPOINT WARNING * * *
Dowan gestures at you while chanting. The shard of ice hits you!
* * * LOW HITPOINT WARNING * * *
Dowan closely misses you.
You see here a short sword.
Dowan hits you but does no damage.
Dowan shakes with grief.
Dowan casts a spell.
Dowan blinks!
Your magical contamination has completely faded away.
You barely miss Dowan.
Dowan is heavily wounded.
Dowan barely misses you. Dowan gestures at you while chanting.
The stone arrow hits you!
You die...

######..).....).##.
#..##....)...[
#..##.#.......
#..##.#....... #
#########..##.#.......
#.#..)........#########.
#.#.#####.##### ##
###.#(..###.#
####......ยง.@e.#
........#.##..#
####.####.#.##..#####
#.......#...##......#
#...e...#...##.######
#.(.....#.#...#.....#
#..._............###.#
#.......#..<.###.#
#.......#.#..# ...


You could see Dowan.

Vanquished Creatures
  Duvessa (D:4)
  A scorpion (D:4)
  A giant frog zombie (D:3)
  2 orc wizards (D:4)
  2 worker ant zombies (D:3)
  6 adders
  An ooze (D:3)
  An adder skeleton (D:3)
  3 worms (D:3)
  A dart slug (D:2)
  6 orcs
  3 bats
  2 giant cockroaches
  5 goblins
  5 hobgoblins
  10 jackals
  7 kobolds
  2 ball pythons
  A giant cockroach zombie (D:3)
  2 giant newts (D:3)
  2 jackal zombies (D:3)
  A quokka zombie (D:3)
  6 rats
71 creatures vanquished.

Notes
Turn   | Place    | Note
-------+----------+-------------------------------------------
     0 | D:1      | aronpayne the Formicid Skald began the quest for the Orb.
     0 | D:1      | Reached XP level 1. HP: 16/16 MP: 3/3
   183 | D:1      | Reached skill level 1 in Dodging
   191 | D:1      | Reached XP level 2. HP: 11/23 MP: 0/5
  1210 | D:2      | Found a shimmering altar of Xom.
  1476 | D:2      | Reached XP level 3. HP: 11/28 MP: 1/6
  2201 | D:3      | Reached XP level 4. HP: 30/34 MP: 2/7
  2548 | D:3      | Reached XP level 5. HP: 37/41 MP: 2/9
  2557 | D:3      | Reached skill level 1 in Maces & Flails
  3332 | D:3      | Reached XP level 6. HP: 47/47 MP: 5/10
  3699 | D:4      | Found a basalt altar of Yredelemnul.
  3703 | D:4      | Noticed Duvessa
  3703 | D:4      | Noticed Dowan
  3728 | D:4      | HP: 2/48 [Duvessa/short sword (4)]
  3735 | D:4      | Killed Duvessa
  3735 | D:4      | Reached XP level 7. HP: 46/55 MP: 10/12
  3746 | D:4      | HP: 2/55 [Dowan/shard of ice (14)]
  3754 | D:4      | Killed from afar by Dowan

Vault maps used:
D:1:      dpeg_arrival_ternary, roderic_roman_lattice, st_stairs_3
D:2:      xom_butterflies
D:3:      serial_undead, serial_undead_d, serial_undead_a, serial_undead_c,
          serial_undead_d, minmay_bisected
D:4:      minmay_wonky_spiral, nicolae_overflow_hidden_temple,
          minmay_misc_feat_doors, lemuel_tele_altar, uniq_duvessa, uniq_sigmund

Skill      XL: |  1  2  3  4  5  6 |
---------------+-------------------+-----
Dodging        | 1 2 |  2.2
Fighting       | 3 4 |  4.3
Armour         | 2 |  2.6
Maces & Flails | 1 2 |  2.3
Spellcasting   | 3 |  3.3
Charms         | 4 |  4.0
Long Blades    | |  2.3

Action                   |  1- 3 |  4- 6 |  7- 9 || total
-------------------------+-------+-------+-------++-------
Melee: Falchion          |   115 |    19 |       ||   134
       Flail             |       |   147 |     9 ||   156
 Cast: Infusion          |     3 |    13 |       ||    16
 Abil: Dig               |     1 |     1 |       ||     2
  Use: Potion            |       |     3 |       ||     3
  Eat: Chunk             |     4 |     6 |       ||    10
Armor: Leather armour    |    10 |       |       ||    10
       Ring mail         |    33 |    85 |     4 ||   122
Dodge: Dodged            |    58 |   108 |     7 ||   173
